SA
NEBRASKA PLAINSMEN @ ALAMEDA AIRMEN
06/03/2024
 
TOP OF THE 1ST
Nebraska Plainsmen batting - Pitching for Alameda Airmen : RHP Dave Morse
Pitching: RHP Dave Morse
Batting: RHB George St. Clair 0-0: Ball
1-0: Called Strike
1-1: Foul Ball, location: 2F
1-2: Ball
2-2: Strikes out swinging
Batting: RHB Luis Aragón 0-0: Foul Ball, location: 2F
0-1: Called Strike
0-2: Strikes out looking
Batting: RHB Bob Barlow 0-0: Called Strike
0-1: Foul Ball, location: 2F
0-2: Ball
1-2: Ball
2-2: Ball
3-2: Strikes out swinging
Top of the 1st over - 0 run(s), 0 hit(s), 0 error(s), 0 left on base; Nebraska 0 - Alameda 0
BOTTOM OF THE 1ST
Alameda Airmen batting - Pitching for Nebraska Plainsmen : RHP Gerardo Negrón
Pitching: RHP Gerardo Negrón
Batting: RHB Juan García 0-0: Ball
1-0: Ball
2-0: Ground out 5-3 (Groundball, 15S)
Batting: RHB Micah Coffey 0-0: Called Strike
0-1: Fly out, F9 (Flyball, 9D)
Batting: LHB Pedro Tapia 0-0: Ball
1-0: Called Strike
1-1: Ball
2-1: Called Strike
2-2: SINGLE (Groundball, 6MD)
Batting: RHB José Vargas 0-0: Ball
1-0: SINGLE (Line Drive, 8LS)
Pedro Tapia to second
Runner from 2nd tries for 3rd, SAFE, throw made to third
Batting: SHB Luis Luquín 0-0: Ball
1-0: Foul Ball, location: 2F
1-1: Ball
2-1: Ball
3-1: SINGLE (Flyball, 7S)
Pedro Tapia scores
José Vargas to second
Batting: LHB Bryce Reilly 0-0: Called Strike
0-1: Ball
1-1: Swinging Strike
1-2: Strikes out swinging
Bottom of the 1st over - 1 run(s), 3 hit(s), 0 error(s), 2 left on base; Nebraska 0 - Alameda 1
TOP OF THE 2ND
Nebraska Plainsmen batting - Pitching for Alameda Airmen : RHP Dave Morse
Batting: LHB Sisto Pagnamenta 0-0: Ball
1-0: Called Strike
1-1: Ball
2-1: SOLO HOME RUN (Flyball, 89XD), Distance : 381 ft
Batting: RHB Lorenzo Ruíz 0-0: Ground out 1-3 (Groundball, 13S)
Batting: LHB Alex Willis 0-0: Swinging Strike
0-1: Ball
1-1: Ball
2-1: Fly out, F7 (Flyball, 78M)
Batting: RHB Carl Wheezer 0-0: Called Strike
0-1: Ball
1-1: Swinging Strike
1-2: Strikes out swinging
Top of the 2nd over - 1 run(s), 1 hit(s), 0 error(s), 0 left on base; Nebraska 1 - Alameda 1
BOTTOM OF THE 2ND
Alameda Airmen batting - Pitching for Nebraska Plainsmen : RHP Gerardo Negrón
Batting: LHB César Nieves 0-0: Called Strike
0-1: Swinging Strike
0-2: Ball
1-2: Ball
2-2: Strikes out swinging
Batting: RHB Chad Shafer 0-0: Called Strike
0-1: Foul Ball, location: 2F
0-2: Ball
1-2: Ball
2-2: Strikes out swinging
Batting: SHB Orlando Villa 0-0: Ball
1-0: Called Strike
1-1: Called Strike
1-2: Strikes out looking
Bottom of the 2nd over - 0 run(s), 0 hit(s), 0 error(s), 0 left on base; Nebraska 1 - Alameda 1
TOP OF THE 3RD
Nebraska Plainsmen batting - Pitching for Alameda Airmen : RHP Dave Morse
Batting: RHB Levi Tess 0-0: Ball
1-0: Fly out, F4 (Line Drive, 4)
Batting: RHB Jorge Salgado 0-0: Ball
1-0: Foul Ball, location: 2F
1-1: Ball
2-1: Called Strike
2-2: Strikes out swinging
Batting: RHB George St. Clair 0-0: Called Strike
0-1: Ball
1-1: Ground out 6-3 (Groundball, 6)
Top of the 3rd over - 0 run(s), 0 hit(s), 0 error(s), 0 left on base; Nebraska 1 - Alameda 1
BOTTOM OF THE 3RD
Alameda Airmen batting - Pitching for Nebraska Plainsmen : RHP Gerardo Negrón
Batting: RHB Juan García 0-0: Ball
1-0: Foul Ball, location: 2F
1-1: Ball
2-1: Fly out, F8 (Flyball, 8LS)
Batting: RHB Micah Coffey 0-0: Ball
1-0: Called Strike
1-1: Foul Ball, location: 2F
1-2: Fly out, F8 (Flyball, 8RS)
Batting: LHB Pedro Tapia 0-0: Swinging Strike
0-1: Ball
1-1: SINGLE (Groundball, 34) (infield hit)
Batting: RHB José Vargas 0-0: Ball
1-0: Fly out, F3 (Popup, 3SF)
Bottom of the 3rd over - 0 run(s), 1 hit(s), 0 error(s), 1 left on base; Nebraska 1 - Alameda 1
TOP OF THE 4TH
Nebraska Plainsmen batting - Pitching for Alameda Airmen : RHP Dave Morse
Batting: RHB Luis Aragón 0-0: Swinging Strike
0-1: Ball
1-1: Ball
2-1: Swinging Strike
2-2: Strikes out swinging
Batting: RHB Bob Barlow 0-0: Called Strike
0-1: Ball
1-1: Foul Ball, location: 2F
1-2: SINGLE (Line Drive, 34)
Batting: LHB Sisto Pagnamenta 0-0: Ball
1-0: Called Strike
1-1: Ball
Bob Barlow steals 2nd base
2-1: SINGLE (Groundball, 34D)
Bob Barlow to third
Runner from 3rd tries for Home, SAFE, no throw or cutoff
Batting: RHB Lorenzo Ruíz 0-0: Fly out, F6 (Line Drive, 6)
Batting: LHB Alex Willis Pickoff Throw to First - Out!
Top of the 4th over - 1 run(s), 2 hit(s), 0 error(s), 0 left on base; Nebraska 2 - Alameda 1
BOTTOM OF THE 4TH
Alameda Airmen batting - Pitching for Nebraska Plainsmen : RHP Gerardo Negrón
Batting: SHB Luis Luquín 0-0: SINGLE (Line Drive, 8LS)
Batting: LHB Bryce Reilly 0-0: Called Strike
0-1: Ball
1-1: SINGLE (Groundball, 56D)
Luis Luquín to second
Batting: LHB César Nieves 0-0: Ball
1-0: Called Strike
1-1: SINGLE (Line Drive, 4MD)
Luis Luquín to third
Bryce Reilly to second
Batting: RHB Chad Shafer 0-0: Foul Ball, location: 2F
0-1: Ball
1-1: Ball
2-1: Foul Ball, location: 2F
2-2: Foul Ball, location: 2F
2-2: Ball
3-2: Foul Ball, location: 2F
3-2: Foul Ball, location: 2F
3-2: Foul Ball, location: 2F
3-2: Foul Ball, location: 2F
3-2: Fly out, F4 (Popup, 4D)
Batting: SHB Orlando Villa 0-0: Ball
1-0: Called Strike
1-1: Swinging Strike
1-2: SINGLE (Groundball, 6MD)
Luis Luquín scores
Bryce Reilly to third
César Nieves to second
Runner from 3rd tries for Home, SAFE, no throw or cutoff
Batting: RHB Juan García 0-0: Called Strike
0-1: Grounds into double play, 6-4-3 (Groundball, 6M)
Bottom of the 4th over - 2 run(s), 4 hit(s), 0 error(s), 1 left on base; Nebraska 2 - Alameda 3
TOP OF THE 5TH
Nebraska Plainsmen batting - Pitching for Alameda Airmen : RHP Dave Morse
Batting: LHB Alex Willis 0-0: Hit by Pitch
Batting: RHB Carl Wheezer 0-0: Bunted foul
0-1: Sac Bunt - play at first, batter OUT! 1-4
Alex Willis to second
Batting: RHB Levi Tess 0-0: Called Strike
0-1: Foul Ball, location: 2F
0-2: Ball
1-2: Reached on error, E5 (Groundball, 5S)
Alex Willis scores
Batting: RHB Jorge Salgado 0-0: Called Strike
0-1: Swinging Strike
0-2: Foul Ball, location: 2F
0-2: Ball
1-2: Ball
2-2: Foul Ball, location: 2F
2-2: Foul Ball, location: 2F
2-2: Foul Ball, location: 2F
2-2: SINGLE (Groundball, 3D)
Levi Tess to third
Runner from 3rd tries for Home, SAFE, no throw or cutoff
Batting: RHB George St. Clair 0-0: Ball
1-0: Ball
2-0: Ball
3-0: Called Strike
3-1: Foul Ball, location: 2F
3-2: DOUBLE (Line Drive, 34)
Jorge Salgado to third
Batting: RHB Luis Aragón 0-0: Ball
1-0: Foul Ball, location: 2F
1-1: Ball
2-1: Fly out, F9 (Flyball, 89XD)
Runner from 3rd tags up, SCORES, no throw
George St. Clair to third
Batting: RHB Bob Barlow 0-0: Foul Ball, location: 2F
0-1: Called Strike
0-2: 2-RUN HOME RUN (Line Drive, 7D), Distance : 386 ft
Batting: LHB Sisto Pagnamenta 0-0: Ball
1-0: Swinging Strike
1-1: Ball
2-1: Ball
3-1: Foul Ball, location: 2F
3-2: Strikes out looking
Top of the 5th over - 5 run(s), 3 hit(s), 1 error(s), 0 left on base; Nebraska 7 - Alameda 3
BOTTOM OF THE 5TH
Alameda Airmen batting - Pitching for Nebraska Plainsmen : RHP Gerardo Negrón
Batting: RHB Micah Coffey 0-0: Ground out 6-3 (Groundball, 6)
Batting: LHB Pedro Tapia 0-0: Ball
1-0: Foul Ball, location: 2F
1-1: SINGLE (Groundball, 15) (infield hit)
Batting: RHB José Vargas 0-0: Ball
1-0: Ball
2-0: Called Strike
2-1: Called Strike
2-2: Strikes out looking
Pedro Tapia steals 2nd base
Batter strikes out.
Batting: SHB Luis Luquín 0-0: Fly out, F7 (Line Drive, 78M)
Bottom of the 5th over - 0 run(s), 1 hit(s), 0 error(s), 1 left on base; Nebraska 7 - Alameda 3
TOP OF THE 6TH
Nebraska Plainsmen batting - Pitching for Alameda Airmen : RHP Dave Morse
Pitching: LHP Diego Vázquez
Batting: RHB Lorenzo Ruíz 0-0: Ground out 5-3 (Groundball, 56S)
Batting: LHB Alex Willis 0-0: Ball
1-0: Ball
2-0: Called Strike
2-1: Swinging Strike
2-2: Strikes out swinging
Batting: RHB Carl Wheezer 0-0: Ball
1-0: Ball
2-0: Fly out, F7 (Flyball, 78M)
Top of the 6th over - 0 run(s), 0 hit(s), 0 error(s), 0 left on base; Nebraska 7 - Alameda 3
BOTTOM OF THE 6TH
Alameda Airmen batting - Pitching for Nebraska Plainsmen : RHP Gerardo Negrón
Batting: LHB Bryce Reilly 0-0: Ball
1-0: Fly out, F8 (Line Drive, 8RS)
Batting: LHB César Nieves 0-0: Ball
1-0: Ball
2-0: Fly out, F5 (Popup, 5F)
Batting: RHB Chad Shafer 0-0: Foul Ball, location: 2F
0-1: SINGLE (Groundball, 56)
Batting: SHB Orlando Villa 0-0: Ball
1-0: Ground out U3 (Groundball, 3)
Bottom of the 6th over - 0 run(s), 1 hit(s), 0 error(s), 1 left on base; Nebraska 7 - Alameda 3
TOP OF THE 7TH
Nebraska Plainsmen batting - Pitching for Alameda Airmen : LHP Diego Vázquez
Batting: RHB Levi Tess 0-0: Ball
1-0: Called Strike
1-1: Swinging Strike
1-2: Strikes out looking
Batting: RHB Jorge Salgado 0-0: Ball
1-0: Ball
2-0: Swinging Strike
2-1: Ball
3-1: Base on Balls
Batting: RHB George St. Clair 0-0: Called Strike
0-1: Ball
1-1: Ball
Jorge Salgado is caught stealing 2nd base
2-1: Called Strike
2-2: Ground out 1-3 (Groundball, 15)
Top of the 7th over - 0 run(s), 0 hit(s), 0 error(s), 0 left on base; Nebraska 7 - Alameda 3
BOTTOM OF THE 7TH
Alameda Airmen batting - Pitching for Nebraska Plainsmen : RHP Gerardo Negrón
Batting: RHB Juan García 0-0: Ball
1-0: Ball
2-0: Called Strike
2-1: Fly out, F7 (Flyball, 7LM)
Batting: RHB Micah Coffey 0-0: Ball
1-0: Ball
2-0: Ball
3-0: Called Strike
3-1: Base on Balls
Batting: LHB Pedro Tapia 0-0: Ball
1-0: Ball
2-0: SINGLE (Groundball, 34D)
Micah Coffey to second
Runner from 2nd tries for 3rd, OUT!
Pedro Tapia to second
Batting: RHB José Vargas 0-0: Called Strike
0-1: Foul Ball, location: 2F
0-2: Ball
1-2: Foul Ball, location: 2F
1-2: Strikes out looking
Bottom of the 7th over - 0 run(s), 1 hit(s), 0 error(s), 1 left on base; Nebraska 7 - Alameda 3
TOP OF THE 8TH
Nebraska Plainsmen batting - Pitching for Alameda Airmen : LHP Diego Vázquez
Batting: RHB Luis Aragón 0-0: Ball
1-0: Ball
2-0: Called Strike
2-1: Foul Ball, location: 2F
2-2: Ball
3-2: Base on Balls
Batting: RHB Bob Barlow 0-0: Ball
1-0: Ball
2-0: Fly out, F8 (Flyball, 8LM)
Batting: LHB Sisto Pagnamenta 0-0: Ball
1-0: Reached on error, E4 (Groundball, 4)
Luis Aragón to second
Batting: RHB Lorenzo Ruíz 0-0: Called Strike
0-1: Ball
1-1: Ball
2-1: Fly out, F8 (Flyball, 89M)
Batting: LHB Alex Willis 0-0: SINGLE (Groundball, 2R) (infield hit)
Luis Aragón to third
Sisto Pagnamenta to second
Batting: RHB Carl Wheezer 0-0: Foul Ball, location: 2F
0-1: Ball
1-1: Ball
2-1: Fly out, F8 (Flyball, 8LM)
Top of the 8th over - 0 run(s), 1 hit(s), 1 error(s), 3 left on base; Nebraska 7 - Alameda 3
BOTTOM OF THE 8TH
Alameda Airmen batting - Pitching for Nebraska Plainsmen : RHP Gerardo Negrón
Batting: SHB Luis Luquín 0-0: Ball
1-0: Ball
2-0: Called Strike
2-1: Foul Ball, location: 2F
2-2: Fly out, F8 (Flyball, 8LM)
Pitching: RHP Kermit Sebold
Batting: LHB Bryce Reilly 0-0: Foul Ball, location: 2F
0-1: SINGLE (Line Drive, 56D)
Batting: LHB César Nieves 0-0: Ball
1-0: Ball
2-0: Called Strike
2-1: Ball
3-1: Fly out, F3 (Popup, 3D)
Batting: RHB Chad Shafer 0-0: Ball
1-0: Ball
2-0: Foul Ball, location: 2F
2-1: Ground out 1-3 (Groundball, 25)
Bottom of the 8th over - 0 run(s), 1 hit(s), 0 error(s), 1 left on base; Nebraska 7 - Alameda 3
TOP OF THE 9TH
Nebraska Plainsmen batting - Pitching for Alameda Airmen : LHP Diego Vázquez
Batting: RHB Levi Tess 0-0: Swinging Strike
0-1: Ground out 1-3 (Groundball, 15S)
Batting: RHB Jorge Salgado 0-0: Called Strike
0-1: Ball
1-1: Ball
2-1: Foul Ball, location: 2F
2-2: Strikes out swinging
Batting: RHB George St. Clair 0-0: Swinging Strike
0-1: Ball
1-1: Foul Ball, location: 2F
1-2: Ball
2-2: Foul Ball, location: 2F
2-2: Fly out, F9 (Flyball, 9S)
Top of the 9th over - 0 run(s), 0 hit(s), 0 error(s), 0 left on base; Nebraska 7 - Alameda 3
BOTTOM OF THE 9TH
Alameda Airmen batting - Pitching for Nebraska Plainsmen : RHP Kermit Sebold
Batting: SHB Orlando Villa 0-0: Foul Ball, location: 2F
0-1: Foul Ball, location: 2F
0-2: Ball
1-2: Ball
2-2: Foul Ball, location: 2F
2-2: Fly out, F7 (Line Drive, 7M)
Batting: RHB Juan García 0-0: Ball
1-0: Called Strike
1-1: SINGLE (Groundball, 34D)
Batting: RHB Micah Coffey 0-0: Swinging Strike
0-1: Foul Ball, location: 2F
0-2: Strikes out swinging
Batting: LHB Pedro Tapia 0-0: Ball
1-0: Ball
Wild Pitch!
Juan García to second
2-0: Ball
3-0: Base on Balls
Pitching: RHP Tristan Young
Batting: RHB José Vargas 0-0: Ball
1-0: Ball
2-0: Fielders Choice at 2nd, 5-4 (Groundball, 56)
Bottom of the 9th over - 0 run(s), 1 hit(s), 0 error(s), 1 left on base; Nebraska 7 - Alameda 3
This league is powered by Out of the Park Baseball, the baseball management simulation game for PC, Mac and Linux
Monday, October 3rd, 2016 - OOTP Baseball 16.9 Build 39